PBL
MADISON BREWERS @ VICTORIA CAPITALS
09/28/2044
 
TOP OF THE 1ST
Madison Brewers batting - Pitching for Victoria Capitals : RHP Marty Maginnis
Pitching: RHP Marty Maginnis
Batting: SHB Aaron Neill 0-0: Ground out U3 (Groundball, 3, EV 88.8 MPH)
Batting: SHB C.J. Olivares 0-0: Ball
1-0: Foul Ball, location: 2F
1-1: Ball
2-1: Fly out, F4 (Line Drive, 4, EV 73.8 MPH)
Batting: SHB Jerry Duffy 0-0: Ball
1-0: Called Strike
1-1: Called Strike
1-2: Ground out 4-3 (Groundball, 34, EV 105.0 MPH)
Top of the 1st over - 0 runs, 0 hits, 0 errors, 0 left on base; Madison 0 - Victoria 0
BOTTOM OF THE 1ST
Victoria Capitals batting - Pitching for Madison Brewers : LHP Tony Salazar
Pitching: LHP Tony Salazar
Batting: RHB Nick Edmunds 0-0: Ball
1-0: Called Strike
1-1: Swinging Strike
1-2: Ball
2-2: Strikes out swinging
Batting: RHB Enrique Valdez 0-0: Called Strike
0-1: SINGLE (Groundball, P, EV 86.2 MPH) (infield hit)
Batting: LHB Taki Matsui 0-0: Ball
1-0: Called Strike
1-1: Foul Ball, location: 2F
1-2: Ball
2-2: Ball
3-2: Strikes out looking
Batting: RHB Jesus Santiago 0-0: Ball
1-0: Ball
2-0: Foul Ball, location: 2F
2-1: Called Strike
2-2: Ball
3-2: Base on Balls
Enrique Valdez to second
Batting: RHB Jung-wan Aan 0-0: Ball
1-0: Foul Ball, location: 2F
1-1: Foul Ball, location: 2F
1-2: Foul Ball, location: 2F
1-2: Foul Ball, location: 2F
1-2: Ball
2-2: Ball
3-2: Fly out, F6 (Line Drive, 6, EV 69.4 MPH)
Bottom of the 1st over - 0 runs, 1 hit, 0 errors, 2 left on base; Madison 0 - Victoria 0
TOP OF THE 2ND
Madison Brewers batting - Pitching for Victoria Capitals : RHP Marty Maginnis
Batting: SHB Ramon Perez 0-0: Called Strike
0-1: Ball
1-1: Ground out 6-3 (Groundball, 6, EV 86.2 MPH)
Batting: RHB Chris Riddel 0-0: Fly out, F9 (Flyball, 9, EV 85.6 MPH)
Batting: RHB Drew Forbess 0-0: Called Strike
0-1: Ball
1-1: Called Strike
1-2: Ball
2-2: Strikes out looking
Top of the 2nd over - 0 runs, 0 hits, 0 errors, 0 left on base; Madison 0 - Victoria 0
BOTTOM OF THE 2ND
Victoria Capitals batting - Pitching for Madison Brewers : LHP Tony Salazar
Batting: SHB Ray Skogen 0-0: Ball
1-0: Ball
2-0: Ball
3-0: Called Strike
3-1: Foul Ball, location: 2F
3-2: Strikes out swinging, 2-3 out at first.
Batting: RHB Danny Pujols 0-0: Ball
1-0: Foul Ball, location: 2F
1-1: Foul Ball, location: 2F
1-2: Ball
2-2: Strikes out swinging
Batting: RHB David Greene 0-0: Ball
1-0: Called Strike
1-1: Called Strike
1-2: Ball
2-2: Ground out 6-3 (Groundball, 6, EV 81.2 MPH)
Bottom of the 2nd over - 0 runs, 0 hits, 0 errors, 0 left on base; Madison 0 - Victoria 0
TOP OF THE 3RD
Madison Brewers batting - Pitching for Victoria Capitals : RHP Marty Maginnis
Batting: RHB Alfredo Sena 0-0: Ball
1-0: Ball
2-0: Called Strike
2-1: Ball
3-1: Foul Ball, location: 2F
3-2: DOUBLE (Flyball, 8LXD, EV 101.9 MPH)
Batting: RHB Justin Marino 0-0: Swinging Strike
0-1: Ball
1-1: Ball
2-1: SINGLE (Line Drive, 89S, EV 98.1 MPH)
Alfredo Sena to third
Batting: RHB Jesus Menjivar 0-0: Called Strike
0-1: Ball
1-1: Fly out, F8 (Flyball, 8LD, EV 96.9 MPH)
Runner from 3rd tags up, SCORES, throw by CF
Batting: SHB Aaron Neill 0-0: Ball
1-0: Called Strike
1-1: Ball
2-1: Foul Ball, location: 2F
2-2: Strikes out swinging
Batting: SHB C.J. Olivares 0-0: Foul Ball, location: 2F
0-1: Ball
1-1: SINGLE (Groundball, 56D, EV 95.6 MPH)
Justin Marino to second
Batting: SHB Jerry Duffy 0-0: Ball
1-0: Foul Ball, location: 2F
1-1: SINGLE (Line Drive, 78M, EV 101.9 MPH)
Justin Marino to third
C.J. Olivares to second
Batting: SHB Ramon Perez 0-0: Ball
1-0: Ball
2-0: Called Strike
2-1: Foul Ball, location: 2F
2-2: Ball
3-2: SINGLE (Groundball, 4MD, EV 104.4 MPH)
Justin Marino scores
C.J. Olivares to third
Jerry Duffy to second
C.J. Olivares scores
Jerry Duffy to third
Batting: RHB Chris Riddel 0-0: Called Strike
0-1: Ball
1-1: Ball
2-1: SINGLE (Groundball, 6S, EV 95.6 MPH)
Jerry Duffy scores
Ramon Perez to second
Batting: RHB Drew Forbess 0-0: Ball
1-0: Ball
2-0: Fly out, F8 (Flyball, 8RXD, EV 86.2 MPH)
Top of the 3rd over - 4 runs, 6 hits, 0 errors, 2 left on base; Madison 4 - Victoria 0
BOTTOM OF THE 3RD
Victoria Capitals batting - Pitching for Madison Brewers : LHP Tony Salazar
Batting: LHB Addisu Nyamekye 0-0: Ball
1-0: Fly out, F6 (Flyball, 6D, EV 93.1 MPH)
Batting: RHB Nick Edmunds 0-0: Called Strike
0-1: Swinging Strike
0-2: Foul Ball, location: 2F
0-2: Ball
1-2: Foul Ball, location: 2F
1-2: SINGLE (Flyball, 56D, EV 97.5 MPH)
Batting: RHB Enrique Valdez 0-0: Foul Ball, location: 2F
0-1: Fly out, F8 (Flyball, 8LM, EV 91.2 MPH)
Batting: LHB Taki Matsui 0-0: Foul Ball, location: 2F
Pickoff Throw to First - Out! 1-3
Bottom of the 3rd over - 0 runs, 1 hit, 0 errors, 0 left on base; Madison 4 - Victoria 0
TOP OF THE 4TH
Madison Brewers batting - Pitching for Victoria Capitals : RHP Marty Maginnis
Batting: RHB Alfredo Sena 0-0: Foul Ball, location: 2F
0-1: Fly out, F7 (Flyball, 7, EV 88.1 MPH)
Batting: RHB Justin Marino 0-0: Called Strike
0-1: Foul Ball, location: 2F
0-2: Ball
1-2: Strikes out swinging
Batting: RHB Jesus Menjivar 0-0: Ball
1-0: Ball
2-0: Called Strike
2-1: Foul Ball, location: 2F
2-2: Foul Ball, location: 2F
2-2: Foul Ball, location: 2F
2-2: SINGLE (Line Drive, 89M, EV 101.2 MPH)
Batting: SHB Aaron Neill 0-0: Ball
Jesus Menjivar steals 2nd base
1-0: Called Strike
1-1: Called Strike
1-2: Ball
2-2: SINGLE (Groundball, 4D, EV 110.6 MPH)
Jesus Menjivar to third
Runner from 3rd tries for Home, throw by CF and OUT! 8-2
Top of the 4th over - 0 runs, 2 hits, 0 errors, 1 left on base; Madison 4 - Victoria 0
BOTTOM OF THE 4TH
Victoria Capitals batting - Pitching for Madison Brewers : LHP Tony Salazar
Batting: LHB Taki Matsui 0-0: Fly out, F5 (Flyball, 5D, EV 93.1 MPH)
Batting: RHB Jesus Santiago 0-0: Foul Ball, location: 2F
0-1: Foul Ball, location: 2F
0-2: Foul Ball, location: 2F
0-2: Ball
1-2: Ball
2-2: Fly out, F7 (Flyball, 7LD, EV 92.5 MPH)
Batting: RHB Jung-wan Aan 0-0: Ball
1-0: Foul Ball, location: 2F
1-1: Fly out, F4 (Popup, 34D, EV 53.1 MPH)
Bottom of the 4th over - 0 runs, 0 hits, 0 errors, 0 left on base; Madison 4 - Victoria 0
TOP OF THE 5TH
Madison Brewers batting - Pitching for Victoria Capitals : RHP Marty Maginnis
Batting: SHB C.J. Olivares 0-0: Swinging Strike
0-1: Ball
1-1: Ball
2-1: SINGLE (Line Drive, 56D, EV 96.9 MPH)
Batting: SHB Jerry Duffy 0-0: Ball
1-0: Ball
2-0: Called Strike
2-1: Called Strike
2-2: Ball
3-2: Foul Ball, location: 2F
3-2: Foul Ball, location: 2F
3-2: Foul Ball, location: 2F
3-2: Strikes out looking
Pitching: RHP Jose Acevedo
Batting: SHB Ramon Perez 0-0: Ball
1-0: Called Strike
1-1: Ball
2-1: Foul Ball, location: 2F
2-2: 2-RUN HOME RUN (Flyball, 78XD, EV 101.9 MPH), Distance : 388 ft
Batting: RHB Chris Riddel 0-0: Foul Ball, location: 2F
0-1: Ball
1-1: Fly out, F4 (Flyball, 34D, EV 89.4 MPH)
Batting: RHB Drew Forbess 0-0: Called Strike
0-1: Ball
1-1: Called Strike
1-2: Foul Ball, location: 2F
1-2: Ground out U3 (Groundball, 34S, EV 83.8 MPH)
Top of the 5th over - 2 runs, 2 hits, 0 errors, 0 left on base; Madison 6 - Victoria 0
BOTTOM OF THE 5TH
Victoria Capitals batting - Pitching for Madison Brewers : LHP Tony Salazar
Batting: SHB Ray Skogen 0-0: Ground out U3 (Groundball, 3, EV 89.4 MPH)
Batting: RHB Danny Pujols 0-0: Called Strike
0-1: Ball
1-1: Foul Ball, location: 2F
1-2: Fly out, F8 (Flyball, 8LXD, EV 93.8 MPH)
Batting: RHB David Greene 0-0: Called Strike
0-1: Foul Ball, location: 2F
0-2: Ball
1-2: Strikes out swinging, 2-3 out at first.
Bottom of the 5th over - 0 runs, 0 hits, 0 errors, 0 left on base; Madison 6 - Victoria 0
TOP OF THE 6TH
Madison Brewers batting - Pitching for Victoria Capitals : RHP Jose Acevedo
Batting: RHB Alfredo Sena 0-0: SOLO HOME RUN (Flyball, 89XD, EV 101.9 MPH), Distance : 421 ft
Batting: RHB Justin Marino 0-0: Swinging Strike
0-1: Swinging Strike
0-2: Foul Ball, location: 2F
0-2: Strikes out swinging
Batting: RHB Jesus Menjivar 0-0: Ball
1-0: Ball
2-0: Called Strike
2-1: Ball
3-1: SINGLE (Flyball, 8LM, EV 91.2 MPH)
Batting: SHB Aaron Neill 0-0: Ball
1-0: DOUBLE (Line Drive, 7LM, EV 106.9 MPH)
Jesus Menjivar to third
Batting: SHB C.J. Olivares 0-0: Called Strike
0-1: Ground out 6-3 (Groundball, 6, EV 86.2 MPH)
Jesus Menjivar scores
Batting: SHB Jerry Duffy 0-0: Ball
1-0: Foul Ball, location: 2F
1-1: Ball
2-1: Foul Ball, location: 2F
2-2: Ground out 6-3 (Groundball, 6M, EV 91.2 MPH)
Top of the 6th over - 2 runs, 3 hits, 0 errors, 1 left on base; Madison 8 - Victoria 0
BOTTOM OF THE 6TH
Victoria Capitals batting - Pitching for Madison Brewers : LHP Tony Salazar
Batting: LHB Addisu Nyamekye 0-0: Ball
1-0: Called Strike
1-1: Fly out, F9 (Flyball, 9LS, EV 92.5 MPH)
Batting: RHB Nick Edmunds 0-0: Ball
1-0: SINGLE (Flyball, 6D, EV 91.2 MPH)
Batting: RHB Enrique Valdez 0-0: Swinging Strike
0-1: Swinging Strike
0-2: Strikes out swinging
Batting: LHB Taki Matsui 0-0: Ball
1-0: Called Strike
1-1: Called Strike
1-2: Strikes out swinging
Bottom of the 6th over - 0 runs, 1 hit, 0 errors, 1 left on base; Madison 8 - Victoria 0
TOP OF THE 7TH
Madison Brewers batting - Pitching for Victoria Capitals : RHP Jose Acevedo
Batting: SHB Ramon Perez 0-0: Ball
1-0: Foul Ball, location: 2F
1-1: Foul Ball, location: 2F
1-2: Strikes out looking
Batting: RHB Chris Riddel 0-0: SINGLE (Groundball, 56D, EV 100.0 MPH)
Pinch Hitting: RHB Todd Massad 0-0: Foul Ball, location: 2F
0-1: Foul Ball, location: 2F
0-2: Strikes out looking
Pinch Hitting: RHB Eli Valles 0-0: SINGLE (Groundball, 56D, EV 106.2 MPH)
Chris Riddel to second
Batting: RHB Justin Marino 0-0: Ball
1-0: Called Strike
1-1: Ground out 4-3 (Groundball, 4, EV 84.4 MPH)
Top of the 7th over - 0 runs, 2 hits, 0 errors, 2 left on base; Madison 8 - Victoria 0
BOTTOM OF THE 7TH
Victoria Capitals batting - Pitching for Madison Brewers : LHP Tony Salazar
Now at 1B: Sal Burgos
Now in LF: Eli Valles
Batting: RHB Jesus Santiago 0-0: Ball
1-0: Ground out 3-1 (Groundball, 34, EV 86.9 MPH)
Batting: RHB Jung-wan Aan 0-0: Called Strike
0-1: Ball
1-1: Ball
2-1: Foul Ball, location: 2F
2-2: Fly out, F8 (Line Drive, 8LD, EV 89.4 MPH)
Batting: SHB Ray Skogen 0-0: Called Strike
0-1: Ball
1-1: Foul Ball, location: 2F
1-2: Strikes out looking
Bottom of the 7th over - 0 runs, 0 hits, 0 errors, 0 left on base; Madison 8 - Victoria 0
TOP OF THE 8TH
Madison Brewers batting - Pitching for Victoria Capitals : RHP Jose Acevedo
Batting: RHB Jesus Menjivar 0-0: Ball
1-0: Called Strike
1-1: Swinging Strike
1-2: Ball
2-2: SINGLE (Line Drive, 4MD, EV 97.5 MPH)
Batting: SHB Aaron Neill 0-0: Called Strike
0-1: Ball
1-1: Ball
2-1: Foul Ball, location: 2F
2-2: Ball
3-2: Strikes out looking
Jesus Menjivar steals 2nd base
Batter strikes out.
Pitching: RHP Harry Hammons
Batting: SHB C.J. Olivares 0-0: Ball
1-0: Ball
2-0: Ball
3-0: Called Strike
3-1: SINGLE (Groundball, 34D, EV 106.9 MPH)
Jesus Menjivar to third
Batting: SHB Jerry Duffy 0-0: Foul Ball, location: 2F
0-1: Swinging Strike
0-2: Strikes out looking
Batting: SHB Ramon Perez 0-0: Called Strike
0-1: Ball
1-1: Called Strike
1-2: Ball
2-2: Foul Ball, location: 2F
2-2: Foul Ball, location: 2F
2-2: Ball
3-2: Strikes out swinging
Top of the 8th over - 0 runs, 2 hits, 0 errors, 2 left on base; Madison 8 - Victoria 0
BOTTOM OF THE 8TH
Victoria Capitals batting - Pitching for Madison Brewers : LHP Tony Salazar
Now in RF: Cameron Rattenbury
Batting: RHB Danny Pujols 0-0: Ball
1-0: Ball
2-0: Swinging Strike
2-1: Foul Ball, location: 2F
2-2: Strikes out swinging
Batting: RHB David Greene 0-0: Ball
1-0: Ball
2-0: Called Strike
2-1: Ball
3-1: Swinging Strike
3-2: SINGLE (Groundball, 6S, EV 68.1 MPH) (infield hit)
Batting: LHB Addisu Nyamekye 0-0: Foul Ball, location: 2F
0-1: Fielders Choice at 2nd, 3-6 (Groundball, 3, EV 102.5 MPH)
Batting: RHB Nick Edmunds 0-0: Called Strike
0-1: Swinging Strike
0-2: Ball
1-2: Ball
2-2: SINGLE (Groundball, 4D, EV 100.0 MPH)
Addisu Nyamekye to second
Batting: RHB Enrique Valdez 0-0: Ball
1-0: Called Strike
1-1: Foul Ball, location: 2F
1-2: Strikes out swinging
Bottom of the 8th over - 0 runs, 2 hits, 0 errors, 2 left on base; Madison 8 - Victoria 0
TOP OF THE 9TH
Madison Brewers batting - Pitching for Victoria Capitals : RHP Harry Hammons
Pinch Hitting: LHB Steven Donovan 0-0: Ball
1-0: Foul Ball, location: 2F
1-1: Swinging Strike
1-2: Strikes out swinging
Pitching: LHP Chris Wheeler
Batting: LHB Sal Burgos 0-0: Ball
1-0: Ball
2-0: Swinging Strike
2-1: Foul Ball, location: 2F
2-2: Ball
3-2: Base on Balls
Batting: RHB Eli Valles 0-0: Ball
1-0: Ball
2-0: Called Strike
2-1: Ball
3-1: Foul Ball, location: 2F
3-2: Base on Balls
Sal Burgos to second
Batting: RHB Justin Marino 0-0: Ball
1-0: Ball
2-0: Called Strike
2-1: Swinging Strike
2-2: Foul Ball, location: 2F
2-2: SINGLE (Line Drive, 6D, EV 103.8 MPH)
Sal Burgos to third
Eli Valles to second
Runner from 3rd tries for Home, throw by LF and OUT! 7-2
Batting: RHB Jesus Menjivar 0-0: Ball
1-0: Called Strike
1-1: Called Strike
1-2: Strikes out swinging
Top of the 9th over - 0 runs, 1 hit, 0 errors, 2 left on base; Madison 8 - Victoria 0
BOTTOM OF THE 9TH
Victoria Capitals batting - Pitching for Madison Brewers : LHP Tony Salazar
Now at C: Michael Dickerson
Batting: LHB Taki Matsui 0-0: Called Strike
0-1: SOLO HOME RUN (Flyball, 89XD, EV 106.2 MPH), Distance : 408 ft
Batting: RHB Jesus Santiago 0-0: Swinging Strike
0-1: Ball
1-1: Ball
2-1: Ball
3-1: Called Strike
3-2: Foul Ball, location: 2F
3-2: Base on Balls
Batting: RHB Jung-wan Aan 0-0: Swinging Strike
0-1: Swinging Strike
0-2: Foul Ball, location: 2F
0-2: SINGLE (Popup, 5D, EV 66.2 MPH)
Jesus Santiago to second
Batting: SHB Ray Skogen 0-0: Swinging Strike
0-1: Ball
1-1: Ball
2-1: Foul Ball, location: 2F
2-2: Hit by Pitch
Jesus Santiago to third
Jung-wan Aan to second
Batting: RHB Danny Pujols 0-0: Ball
1-0: Ball
2-0: GRAND SLAM HOME RUN (Flyball, 9D, EV 105.6 MPH), Distance : 377 ft
Batting: RHB David Greene 0-0: Ball
1-0: Swinging Strike
1-1: Ground out U3 (Groundball, 34, EV 83.8 MPH)
Batting: LHB Addisu Nyamekye 0-0: Ball
1-0: Ball
2-0: Ball
3-0: Called Strike
3-1: Foul Ball, location: 2F
3-2: Ground out 6-3 (Groundball, 6, EV 105.6 MPH)
Pitching: RHP Nick Moore
Batting: RHB Nick Edmunds 0-0: Foul Ball, location: 2F
0-1: Foul Ball, location: 2F
0-2: Foul Ball, location: 2F
0-2: Ball
1-2: Ball
2-2: Ball
3-2: Foul Ball, location: 2F
3-2: Foul Ball, location: 2F
3-2: Fly out, F6 (Popup, 6MS, EV 56.2 MPH)
Bottom of the 9th over - 5 runs, 3 hits, 0 errors, 0 left on base; Madison 8 - Victoria 5
Thursday, March 31st , 2022 - OOTP Baseball 22.12 Build 89